 Dungeon Crawl Stone Soup version 0.21-a0-538-gd16b88a (webtiles) character file.

46591 Lavandula the Slicer (level 14, -9/108 HPs)
             Began as a Mummy Chaos Knight on Dec 16, 2017.
             Mangled by Salmacis's ghost (27 damage)
             ... on level 1 of the Orcish Mines.
             The game lasted 01:17:33 (22790 turns).

Lavandula the Slicer (Mummy Chaos Knight)          Turns: 22790, Time: 01:17:34

Health: -9/108     AC: 21    Str: 17    XL:     14   Next: 5%
Magic:  24/25      EV: 15    Int: 16    God:    Xom [.*....]
Gold:   1208       SH:  5    Dex: 12    Spells: 10/27 levels left

rFire    + + .     SeeInvis +   J - +5 dagger "Mummy's Foe" {elec, +Inv rPois rC+++ Str-2}
rCold    + + +     Gourm    .   P - +0 buckler {AC+3}
rNeg     + + +     Faith    .   i - +4 fire dragon scales "Jumneq" {rF++ rC- SInv}
rPois    ∞         Spirit   .   N - +0 helmet
rElec    .         Reflect  .   t - scarf {cloud immunity}
rCorr    .         Harm     .   (no gloves)
MR       ++...                  K - +1 pair of boots
Stlth    ..........             x - amulet of regeneration
HPRegen  0.68/turn              X - ring "Pupuy" {MR+ EV+3 Str+4 SInv}
MPRegen  0.19/turn              b - ring of Conekk {rF+ SInv}

@: very slightly contaminated, studying Fighting
A: no food or potions, fire vulnerability, cold resistance 1, negative energy
resistance 3, torment resistance, unbreathing, in touch with death 1
a: Renounce Religion, Evoke Invisibility


You were on level 1 of the Orcish Mines.
You worshipped Xom.
You were a plaything of Xom.
You were not hungry.

You visited 3 branches of the dungeon, and saw 20 of its levels.
You visited the Abyss 1 time.
You also visited: Ice Cave.

You collected 1392 gold pieces.
You spent 184 gold pieces at shops.

Inventory:

Hand Weapons
 a - a +0 short sword of chaos
 e - a +0 blowgun
 m - a +1 dagger of venom
 J - the +5 dagger "Mummy's Foe" (weapon) {elec, +Inv rPois rC+++ Str-2}
   (You found it on level 6 of the Dungeon)

   Occasionally, upon striking a foe, it will discharge some electrical energy
   and cause terrible harm.
   It affects your strength (-2).
   It renders you almost immune to cold.
   It protects you from poison.
   It lets you turn invisible.
 L - a +3 quick blade
Missiles
 s - 69 poisoned needles
 G - 6 javelins (quivered)
 I - 2 throwing nets
 O - 6 tomahawks of returning
 R - 3 curare-tipped needles
Armour
 i - the +4 fire dragon scales "Jumneq" (worn) {rF++ rC- SInv}
   (You found it in an ice cave)

   It greatly protects you from fire.
   It makes you vulnerable to cold.
   It lets you see invisible.
 l - a +1 leather armour of magic resistance
 p - a +2 cloak
 r - a +3 scale mail of fire resistance
 t - a scarf of cloud immunity (worn)
 K - a +1 pair of boots (worn)
 N - a +0 helmet (worn)
 P - a +0 buckler of protection (worn)
Magical Staves
 k - an uncursed staff of wizardry
Jewellery
 b - the ring of Conekk (right hand) {rF+ SInv}
   (You found it on level 6 of the Lair of Beasts)

   [ring of see invisible]

   It protects you from fire.
   It lets you see invisible.
 q - an uncursed ring of see invisible
 x - an amulet of regeneration (around neck)
 B - an uncursed ring of protection from magic
 F - an uncursed ring of protection from cold
 X - the ring "Pupuy" (left hand) {MR+ EV+3 Str+4 SInv}
   (Xom gifted it to you on level 11 of the Dungeon)

   [ring of evasion]

   It affects your evasion (+3).
   It affects your strength (+4).
   It affects your resistance to hostile enchantments.
   It lets you see invisible.
Wands
 o - a wand of polymorph (43)
 H - a wand of disintegration (17)
 U - a wand of iceblast (6)
Scrolls
 c - a scroll of holy word {unknown}
 d - 2 scrolls of immolation
 f - 3 scrolls of remove curse
 g - 3 scrolls of teleportation
 n - 5 scrolls of magic mapping
 u - 4 scrolls of fog
 A - 2 scrolls of blinking
 M - a scroll of silence
 Q - a scroll of torment
Books
 w - a manual of Fighting


   Skills:
 - Level 9.1 Fighting
 - Level 10.0 Short Blades
 - Level 2.5 Throwing
 - Level 6.7 Armour
 - Level 5.9 Dodging
 - Level 5.0 Shields
 - Level 7.3 Spellcasting
 - Level 2.8 Conjurations
 - Level 7.5 Summonings
 - Level 4.0 Translocations
 - Level 7.0 Air Magic
 - Level 3.0 Poison Magic
 + Level 4.5 Evocations


You had 10 spell levels left.
You knew the following spells:

 Your Spells              Type           Power        Failure   Level  Hunger
a - Call Imp              Summ           ####....     3%          2    N/A
b - Call Canine Familiar  Summ           ####....     6%          3    N/A
c - Summon Lightning Spi  Summ/Air       ####....     22%         4    N/A
d - Blink                 Tloc           N/A          13%         2    N/A
e - Mephitic Cloud        Conj/Pois/Air  ###.....     22%         3    N/A
f - Conjure Flame         Conj/Fire      ##......     58%         3    N/A

Dungeon Overview and Level Annotations

Branches:
Dungeon (13/15)            Temple (0/1) D:4            Lair (6/6) D:8
  Swamp (0/4) Lair:4       Spider (0/4) Lair:3        Slime (0/5) Lair:6
    Orc (1/2) D:10
 Vaults: D:13-14

Altars:
Cheibriados
Dithmenos
Ru
Uskayaw
Wu Jian
Xom
The Shining One
Beogh

Shops:
D:11 [

Annotations:
D:3 Sigmund
D:13 Frances
Lair:4 trollhammer's ghost, journeyman TrMo
Orc:1 Salmacis's ghost, journeyman MiFi


Innate Abilities, Weirdness & Mutations

You do not eat or drink.
Your flesh is vulnerable to fire.
You are immune to poison.
Your flesh is cold resistant. (rC+)
You are immune to negative energy. (rN+++)
You are immune to unholy pain and torment.
You can survive without breathing.
You are in touch with the powers of death.


Message History

Salmacis's ghost is engulfed in blazing flames.
Salmacis's ghost hits your crimson imp!!!
Your crimson imp dies!
Salmacis's ghost turns its malevolent gaze towards you.
Unknown command.
Evoke which item? (* to show all) (? for menu, Esc to quit)
Aiming: Corrosive Bolt
Press: ? - help, Shift-Dir - straight line, f/p - Salmacis's ghost
Aim: Salmacis's ghost, wielding a vorpal weapon (flame, almost destroyed, unusually strong, covered in acid, inner flame)
The bolt of acid hits Salmacis's ghost.
Salmacis's ghost appears unharmed.
Salmacis's ghost is almost destroyed.
The now-empty wand crumbles to dust.
Salmacis's ghost is engulfed in blazing flames.
Salmacis's ghost hits you!!
* * * LOW HITPOINT WARNING * * *
x2 An ogre comes into view. It is wielding a giant spiked club.
Salmacis's ghost is engulfed in blazing flames.
Salmacis's ghost hits you!!
You die...
Xom titters!

*, ,
,............ *
,
,......>....#*
**,**,
.......O%..# **
,...%...)....*
**, ,
#.O..§§...#* ,
,,, #..§§§§#.##
* ,,,,
*#.§§.§...# **
***##%W§§.%#
*****##.@.#..##
* #)[..#*##
#......##
##.#.### #####


You could see 2 ogres and Salmacis's ghost (inner flame).

Vanquished Creatures
  A stone giant (D:10)
  An ettin (D:11)
  4 hydras
  A centaur warrior (D:13)
  A dancing weapon (D:11)
  A two-headed ogre (D:8)
  An orc high priest (Orc:1)
  2 unseen horrors (D:12)
  2 ugly things (IceCv)
  An oklob plant (Abyss:3)
  2 orc sorcerers
  A cyclops (D:11)
  A manticore (Lair:6)
  3 black mambas
  9 spiny frogs
  5 komodo dragons
  10 rime drakes
  A queen bee (D:9)
  A polar bear (shapeshifter) (Lair:1)
  2 trolls (D:10)
  A polar bear (Lair:2)
  14 blink frogs
  Grinder (D:4)
  A raiju (D:10)
  3 slime creatures
  14 dream sheep (Lair:5)
  14 hippogriffs
  A shadow (D:13)
  A spriggan (D:9)
  5 wyverns
  27 yaks
  2 steam dragons
  8 basilisks
  3 hungry ghosts
  Menkaure (D:3)
  2 insubstantial wisps (D:10)
  2 wargs
  11 water moccasins
  Duvessa (D:3)
  5 porcupines
  9 orc warriors
  2 black bears
  10 ice beasts
  An ogre (D:5)
  5 sky beasts
  2 phantoms
  9 wolves (Lair:6)
  7 centaurs
  11 crocodiles
  5 bullfrogs
  5 scorpions
  Dowan (D:4)
  17 killer bees
  A wight (D:7)
  3 crimson imps
  6 orc priests
  6 jellies
  4 hounds
  11 orc wizards
  2 centaur skeletons
  Crazy Yiuf (D:3)
  4 iguanas
  Terence (D:3)
  11 worker ants
  A killer bee zombie (D:10)
  A hound skeleton (D:9)
  2 worker ant zombies
  A howler monkey skeleton (D:5)
  10 adders
  12 gnolls
  4 shadow imps
  12 white imps (Lair:2)
  An ooze (D:6)
  An adder zombie (D:5)
  4 adder skeletons
  2 worms
  3 dart slugs
  12 leopard geckos
  56 orcs
  A ball python (D:3)
  4 giant cockroaches
  10 goblins
  10 hobgoblins
  8 kobolds
  8 quokkas
  9 bats
  11 frilled lizards
  5 rats
489 creatures vanquished.

Vanquished Creatures (collateral kills)
  A hydra (Lair:6)
  2 two-headed ogres
  An ice statue (IceCv)
  A centaur zombie (D:10)
  Psyche (D:12)
  A troll (D:10)
  A yak (Lair:3)
  A wyvern (Lair:6)
  A basilisk (Lair:6)
  2 orc warriors (D:9)
  A crocodile (Lair:3)
  A bullfrog (D:10)
  4 killer bees
  A bullfrog skeleton (D:4)
  An orc priest (D:10)
  An orc wizard (D:6)
  The ghost of p0werm0de the Sneak, a weakling OpEn (D:4)
  A worker ant zombie (D:10)
  A worm (shapeshifter) (D:9)
  6 orcs
  2 fungi
32 creatures vanquished.

Vanquished Creatures (others)
  A dancing weapon (D:5)
  3 blink frogs
  3 yaks (D:10)
  A crocodile (Lair:6)
  A killer bee (D:9)
  13 fungi
  10 plants
32 creatures vanquished.

Grand Total: 553 creatures vanquished

Notes
Turn   | Place    | Note
-------+----------+-------------------------------------------
     0 | D:1      | Lavandula the Mummy Chaos Knight began the quest for the Orb.
     0 | D:1      | Reached XP level 1. HP: 18/18 MP: 1/1
    18 | D:1      | XOM: harmless Fire miscast
   119 | D:1      | Reached skill level 3 in Short Blades
   119 | D:1      | Reached XP level 2. HP: 21/24 MP: 2/2
   471 | D:1      | Reached XP level 3. HP: 29/29 MP: 3/3
   605 | D:1      | XOM: cloud trail
  1025 | D:2      | XOM: harmless Hex miscast
  1154 | D:2      | XOM: divination: magic mapping
  1312 | D:2      | Reached skill level 4 in Short Blades
  1651 | D:3      | Reached XP level 4. HP: 35/35 MP: 4/4
  1914 | D:2      | XOM: mild Fire miscast
  2281 | D:3      | Found a runed door.
  2583 | D:3      | Noticed Crazy Yiuf
  2592 | D:3      | Killed Crazy Yiuf
  2592 | D:3      | Reached XP level 5. HP: 40/41 MP: 5/5
  2628 | D:3      | XOM: harmless Hex miscast
  2678 | D:3      | Noticed Sigmund
  3048 | D:3      | XOM: potion effect (might)
  3054 | D:2      | Reached skill level 5 in Short Blades
  3337 | D:3      | Noticed Terence
  3349 | D:3      | Killed Terence
  3621 | D:4      | XOM: cast spell 'Olgreb's Toxic Radiance'
  3622 | D:4      | XOM: god gift: leather armour {god gift}
  3629 | D:4      | Reached skill level 1 in Throwing
  3665 | D:4      | Reached XP level 6. HP: 43/47 MP: 6/6
  3685 | D:4      | XOM: god gift: paperback book {god gift}
  3706 | D:4      | Learned a level 2 spell: Call Imp
  3727 | D:4      | Found a snail-covered altar of Cheibriados.
  3727 | D:4      | Found an ornate altar of the Wu Jian Council.
  3727 | D:4      | Found a sacrificial altar of Ru.
  3791 | D:4      | Noticed Dowan
  3791 | D:4      | Noticed Menkaure
  3812 | D:4      | XOM: cleaving
  3815 | D:4      | XOM: scenery: create altars
  3826 | D:4      | Killed Dowan
  3826 | D:4      | Reached skill level 1 in Summonings
  3843 | D:3      | Killed Menkaure
  3843 | D:3      | Reached XP level 7. HP: 21/52 MP: 7/7
  3966 | D:3      | XOM: mild Tloc miscast
  4070 | D:4      | XOM: noise
  4073 | D:4      | Reached skill level 1 in Spellcasting
  4110 | D:4      | XOM: summons friendly quasit
  4130 | D:4      | XOM: divination: detect creatures
  4135 | D:4      | XOM: blink monster(s)
  4296 | D:4      | Noticed Duvessa
  4307 | D:4      | XOM: smoke on damage
  4336 | D:3      | Killed Duvessa
  4590 | D:4      | Noticed p0werm0de's ghost (weakling OpEn)
  4593 | D:4      | Noticed Grinder
  4616 | D:4      | XOM: summons friendly quasit
  4630 | D:4      | XOM: enchant monster (bad)
  4637 | D:4      | Killed p0werm0de's ghost
  4654 | D:4      | Killed Grinder
  4851 | D:4      | Found a staircase to the Ecumenical Temple.
  4867 | D:4      | Got an encrusted flail
  4908 | D:5      | Entered Level 5 of the Dungeon
  4944 | D:5      | XOM: cast spell 'Summon Small Mammal'
  4950 | D:5      | XOM: silly message
  5104 | D:4      | Reached XP level 8. HP: 40/58 MP: 11/11
  5284 | D:5      | Noticed a two-headed ogre
  5302 | D:5      | XOM: butterfly on damage
  5303 | D:5      | XOM: mild Ice miscast
  5310 | D:5      | Killed a two-headed ogre
  5310 | D:5      | Reached skill level 6 in Short Blades
  5328 | D:5      | Reached skill level 7 in Short Blades
  5507 | D:5      | XOM: confuse monster(s)
  5769 | D:5      | Found a shadowy altar of Dithmenos.
  5921 | D:5      | XOM: harmless Summ miscast
  6171 | D:5      | XOM: enchant monster (good)
  6326 | D:5      | Reached skill level 1 in Dodging
  6339 | D:5      | XOM is BORED!
  6339 | D:5      | XOM: medium Tloc miscast
  6460 | D:5      | XOM: cloud trail
  6463 | D:6      | XOM: divination: detect creatures
  6574 | D:6      | XOM: silly message
  6625 | D:6      | XOM: cast spell 'Olgreb's Toxic Radiance'
  6626 | D:6      | Reached XP level 9. HP: 39/65 MP: 12/12
  6741 | D:6      | XOM: cloud trail
  6804 | D:6      | Learned a level 3 spell: Call Canine Familiar
  6977 | D:6      | XOM: god gift: agate ring {god gift}
  7002 | D:6      | XOM: polymorph killer bee -> steam dragon
  7016 | D:6      | XOM: mild Chrm miscast
  7021 | D:6      | Reached skill level 5 in Summonings
  7049 | D:6      | Found a hide-covered altar of Uskayaw.
  7085 | D:6      | Got a slimy dagger
  7097 | D:6      | Identified the +5 dagger "Mummy's Foe" {elec, +Inv rPois rC+++ Str-2} (You found it on level 6 of the Dungeon)
  7259 | D:6      | XOM: harmless Summ miscast
  7263 | D:6      | Reached skill level 8 in Short Blades
  7280 | D:6      | XOM: confusion
  7284 | D:6      | XOM: swap monsters
  7291 | D:6      | XOM: harmless Necr miscast
  7296 | D:6      | XOM: potion effect (brilliance)
  7314 | D:6      | XOM: summons 4 friendly demons
  7757 | D:6      | XOM: cleaving
  8152 | D:7      | You fall through a shaft for 2 floors!
  8332 | D:8      | Reached skill level 9 in Short Blades
  8500 | D:8      | Found a staircase to the Lair.
  8881 | D:7      | Reached skill level 1 in Shields
  9067 | D:7      | XOM: god gift: 27 stones
  9109 | D:7      | XOM: medium Hex miscast
  9131 | D:7      | XOM: enchant monster (bad)
  9595 | D:8      | Noticed a two-headed ogre
  9648 | D:8      | Killed a two-headed ogre
  9648 | D:8      | Reached XP level 10. HP: 69/71 MP: 13/13
  9796 | D:8      | XOM: god gift: meat ration
 10126 | D:9      | Noticed a two-headed ogre
 10140 | D:9      | XOM: potion effect (brilliance)
 10216 | D:9      | XOM: harmless Air miscast
 10498 | D:9      | Reached skill level 5 in Shields
 10581 | D:9      | XOM: scenery: 1 doors open
 10635 | D:9      | XOM: summons friendly ufetubus
 10641 | D:9      | Killed a two-headed ogre
 10699 | D:9      | XOM: scenery: 1 doors close
 10728 | D:9      | XOM: god gift: glowing scimitar {god gift}
 10737 | D:9      | XOM: destruction
 10740 | D:9      | XOM: confuse monster(s)
 10824 | D:9      | XOM: mild Ice miscast
 10884 | D:10     | Entered Level 10 of the Dungeon
 10892 | D:10     | XOM: divination: magic mapping
 11209 | D:10     | Reached skill level 5 in Armour
 11622 | D:9      | XOM: summons 8 friendly demons
 11654 | D:10     | XOM: potion effect (brilliance)
 11697 | D:9      | XOM: polymorph orc -> frilled lizard
 11705 | D:9      | XOM: mild Hex miscast
 11942 | D:10     | XOM: summons 5 hostile demons
 11943 | D:10     | Noticed an orange demon
 12331 | D:10     | XOM: medium Pois miscast
 12360 | D:10     | XOM: divination: detect items
 12364 | D:10     | XOM: polymorph yak -> raiju
 12368 | D:10     | XOM: divine lightning
 12406 | D:11     | Noticed a purple ugly thing
 12410 | D:11     | Noticed an ettin
 12410 | D:11     | a purple ugly thing changed into an ettin
 12410 | D:11     | XOM: polymorph purple ugly thing -> ettin
 12435 | D:11     | Killed an ettin
 12477 | D:11     | Reached XP level 11. HP: 77/77 MP: 14/14
 12524 | D:11     | XOM: summons 9 friendly demons
 12600 | D:11     | XOM: summons friendly iron imp
 12709 | D:11     | Learned a level 4 spell: Summon Lightning Spire
 12711 | D:11     | Found Qobovyump's Armour Boutique.
 12718 | D:11     | Bought a +0 buckler of protection for 184 gold pieces
 12753 | D:11     | XOM: destruction
 12851 | D:10     | XOM: 2-stop teleportation journey
 12872 | D:10     | Found a roughly hewn altar of Beogh.
 12872 | D:10     | Found a staircase to the Orcish Mines.
 13141 | D:10     | Learned a level 2 spell: Blink
 13241 | D:10     | XOM: polymorph orc warrior -> centaur
 13263 | D:10     | XOM: cleaving
 13285 | D:10     | Learned a level 3 spell: Mephitic Cloud
 13625 | D:11     | Got an ichor-stained chain mail
 13636 | D:11     | Identified the +1 chain mail "Qisyfecygh" {+Fly} (You found it on level 11 of the Dungeon)
 13785 | D:11     | Found a glowing golden altar of the Shining One.
 13862 | D:11     | XOM: god gift: faintly glowing silver ring {god gift}
 13863 | D:11     | Got a faintly glowing silver ring {god gift}
 13865 | D:11     | Identified the ring "Pupuy" {MR+ EV+3 Str+4 SInv} (Xom gifted it to you on level 11 of the Dungeon)
 13938 | D:12     | Reached skill level 1 in Conjurations
 13938 | D:12     | Reached skill level 1 in Air Magic
 14068 | D:12     | Noticed Psyche
 14089 | D:12     | Killed Psyche
 14207 | D:12     | XOM: 1-stop teleportation journey
 14222 | D:12     | Noticed an unseen horror
 14236 | D:12     | Killed an unseen horror
 14366 | D:12     | Learned a level 3 spell: Conjure Flame
 14396 | D:12     | XOM: noise
 14815 | D:12     | Noticed an unseen horror
 14833 | D:12     | Killed an unseen horror
 14833 | D:12     | Reached skill level 5 in Air Magic
 15170 | D:13     | Noticed a centaur warrior
 15182 | D:13     | Killed a centaur warrior
 15192 | D:13     | Noticed Frances
 15193 | D:13     | Noticed a sixfirhy
 15211 | D:13     | XOM: confuse monster(s)
 15337 | Lair:1   | Entered Level 1 of the Lair of Beasts
 15399 | Lair:1   | XOM: 1-stop teleportation journey
 15587 | Lair:1   | XOM: polymorph blink frog -> polar bear
 15613 | Lair:1   | XOM: cleaving
 15669 | Lair:1   | XOM: god gift: wand of polymorph (23)
 15803 | Lair:1   | XOM: enchant monster (good)
 15807 | Lair:1   | Reached skill level 1 in Translocations
 15875 | Lair:1   | Reached XP level 12. HP: 74/83 MP: 19/19
 15893 | Lair:1   | XOM: swap monsters
 15900 | Lair:1   | XOM: harmless Conj miscast
 15907 | Lair:1   | XOM: 1-stop teleportation journey
 16126 | Lair:1   | XOM: medium Necr miscast
 16499 | Lair:1   | XOM: scenery: create altars
 16747 | Lair:2   | Found a frozen archway.
 16761 | Lair:2   | XOM: enchant monster (good)
 16787 | Lair:2   | XOM: summons 4 hostile demons
 16791 | IceCv    | Entered an ice cave
 16792 | IceCv    | XOM: destruction
 16794 | IceCv    | Found a transporter.
 16815 | IceCv    | XOM: scenery: create altars
 16951 | IceCv    | XOM: enchant monster (good)
 16957 | IceCv    | XOM: summons 12 friendly demons
 16962 | IceCv    | XOM: confuse monster(s)
 17184 | IceCv    | XOM: summons friendly quasit
 17431 | IceCv    | XOM: divination: detect creatures
 17458 | IceCv    | XOM: harmless Tloc miscast
 17467 | IceCv    | Got faintly glowing fire dragon scales
 17531 | IceCv    | XOM: harmless Conj miscast
 17647 | Lair:2   | XOM: divination: detect creatures
 17670 | Lair:2   | Reached skill level 10 in Short Blades
 17813 | Lair:1   | XOM: cast spell 'Metabolic Englaciation'
 17945 | Lair:2   | XOM: 3-stop teleportation journey
 17956 | Lair:2   | XOM: divination: magic mapping
 18125 | Lair:2   | Identified the +4 fire dragon scales "Jumneq" {rF++ rC- SInv} (You found it in an ice cave)
 18363 | Lair:2   | XOM: harmless Necr miscast
 18482 | Lair:3   | XOM: potion effect (brilliance)
 18487 | Lair:3   | XOM: swap monsters
 18493 | Lair:3   | Reached skill level 5 in Fighting
 18493 | Lair:3   | XOM: 4-stop teleportation journey
 18595 | Lair:3   | XOM: noise
 18600 | Lair:3   | XOM: enchant monster (good)
 18740 | Lair:3   | Found a hole to the Spider Nest.
 18813 | Lair:3   | XOM: enchant monster (bad)
 18822 | Lair:3   | XOM: 2-stop teleportation journey
 18823 | Lair:3   | Noticed a six-headed hydra
 18833 | Lair:3   | Killed a six-headed hydra
 18843 | Lair:3   | XOM: harmless Chrm miscast
 18850 | Lair:3   | XOM: chaos cloud
 18851 | Lair:3   | XOM: cast spell 'Summon Mana Viper'
 18955 | Lair:3   | XOM: cast spell 'Alistair's Intoxication'
 19246 | Lair:3   | Identified the Disquisition on the Oath
 19271 | Lair:3   | XOM: mild Erth miscast
 19606 | Lair:4   | Noticed trollhammer's ghost (journeyman TrMo)
 19613 | Lair:4   | XOM: potion effect (brilliance)
 19647 | Lair:4   | XOM: confuse monster(s)
 19658 | Lair:4   | XOM: harmless Fire miscast
 19793 | Lair:4   | XOM: cleaving
 19916 | Lair:4   | Found a staircase to the Swamp.
 19976 | Lair:5   | Noticed a seven-headed hydra
 19976 | Lair:5   | Reached skill level 5 in Dodging
 19985 | Lair:5   | XOM: 2-stop teleportation journey
 20008 | Lair:5   | Gained mutation: You are in touch with the powers of death. [Mummy growth]
 20008 | Lair:5   | Reached XP level 13. HP: 96/96 MP: 20/20
 20011 | Lair:5   | XOM: swap monsters
 20065 | Lair:5   | XOM: medium Necr miscast
 20172 | Lair:5   | Reached skill level 5 in Spellcasting
 20177 | Lair:5   | XOM: enchant monster (good)
 20195 | Lair:5   | XOM: noise
 20263 | Lair:5   | XOM: chaos cloud
 20602 | Lair:5   | XOM: harmless Erth miscast
 20644 | Lair:5   | XOM: god gift: scroll labeled SUHYUR NISHRURO {god gift}
 20781 | Lair:5   | XOM: mild Summ miscast
 20863 | Lair:6   | Entered Level 6 of the Lair of Beasts
 20866 | Lair:6   | XOM: harmless Fire miscast
 20892 | Lair:6   | XOM: 1-stop teleportation journey
 20916 | Lair:6   | XOM: 1-stop teleportation journey
 20922 | Lair:6   | Found a staircase to the Slime Pits.
 21010 | Lair:6   | XOM: noise
 21013 | Lair:6   | XOM: severe Summ miscast
 21013 | Lair:6   | Cast into level 3 of the Abyss (the severe capriciousness of Xom)
 21027 | Abyss:3  | XOM: harmless Tmut miscast
 21180 | Lair:6   | Escaped the Abyss
 21193 | Lair:6   | Reached skill level 1 in Evocations
 21193 | Lair:6   | XOM: polymorph wolf -> warg
 21232 | Lair:6   | XOM: fog
 21413 | Lair:6   | XOM: swap monsters
 21440 | Lair:6   | Got a fine steel ring
 21441 | Lair:6   | Identified the ring of Conekk {rF+ SInv} (You found it on level 6 of the Lair of Beasts)
 21492 | Lair:6   | XOM: mild Ice miscast
 21510 | Lair:6   | Reached skill level 1 in Poison Magic
 21564 | Lair:6   | XOM: enchant monster (bad)
 21567 | Lair:6   | XOM: silly message
 21569 | Lair:6   | XOM: mild Chrm miscast
 21696 | Lair:6   | XOM: 3-stop teleportation journey
 21704 | Lair:6   | XOM: divine lightning
 21710 | Lair:6   | XOM: 1-stop teleportation journey
 21816 | Lair:6   | XOM: harmless Hex miscast
 21823 | Lair:6   | XOM: medium Ice miscast
 21826 | Lair:6   | XOM: summons 7 friendly demons
 21838 | Lair:6   | XOM: summons 2 friendly demons
 21867 | Lair:6   | XOM: noise
 22458 | Orc:1    | XOM: stealth player
 22458 | Orc:1    | Entered Level 1 of the Orcish Mines
 22458 | Orc:1    | Noticed a stone giant
 22674 | D:10     | Killed a stone giant
 22674 | D:10     | Reached XP level 14. HP: 63/108 MP: 25/25
 22748 | Orc:1    | XOM: divination: magic mapping
 22765 | Orc:1    | Noticed Salmacis's ghost (journeyman MiFi)
 22774 | Orc:1    | XOM: enchant monster (bad)
 22790 | Orc:1    | Mangled by Salmacis's ghost

Vault maps used:
D:1:      dpeg_arrival_chase
D:3:      uniq_terence, uniq_sigmund, uniq_crazy_yiuf_cottage
D:4:      gammafunk_temple_overflow_claw, minmay_temple_entry_nine_rooms,
          first_bread, uniq_duvessa, uniq_grinder, uniq_menkaure
D:5:      grunt_dithmenos_smoke
D:6:      eat_drink_and_be_merry_uskayaw, minmay_lizard_king
D:7:      minmay_small_thing
D:8:      lair_entry_dummy, kennysheep_minor_cross
D:9:      the_bakery, corexii_corridor_pit, minivault_19, serial_bayou_pond_e,
          nicolae_looking_at_the_future
D:10:     david_orc_5, hangedman_misty_isle
D:11:     serial_shops, shop, tso_metal_star
D:12:     uniq_psyche
D:13:     serial_glass, glass_columns_b, glass_columns_a, lemuel_another_geyser,
          uniq_frances
Lair:1:   serial_bayou_shore_a
Lair:2:   portal_ice_cave_entry_imps, nicolae_lair_grove_arrangements
Lair:3:   dummy_spider_entry, beast_lair_carwin_9, infiniplex_staircase_pool_2
Lair:4:   swamp_mist_pool, minmay_lair_drake_nest, grunt_megastairs_1,
          uniq_josephine
Lair:5:   grunt_megastairs_4
Lair:6:   due_jungle_book, minmay_slime_entry_pillars, special_room
Orc:1:    serial_shops, shop
Abyss:3:  guppyfry_abyss_exit_glass_guarded, grunt_abyss_rune_wretched_hive,
          evilmike_abyss_exit_13
IceCv:    ice_cave_statue_garden_teleport

Skill      XL: |  1  2  3  4  5  6  7  8  9 10 11 12 13 |
---------------+----------------------------------------+-----
Short Blades   | 3 4 5 7 9 10 | 10.0
Throwing       | 1 2 |  2.5
Summonings     | 2 4 5 6 7 |  7.5
Spellcasting   | 2 4 7 |  7.3
Fighting       | 4 7 9 |  9.1
Dodging        | 2 5 |  5.9
Shields        | 4 5 |  5.0
Armour         | 5 6 |  6.7
Conjurations   | 1 2 |  2.8
Air Magic      | 6 7 |  7.0
Translocations | 1 4 |  4.0
Evocations     | 4 |  4.5
Poison Magic   | 3 |  3.0

Action                   |  1- 3 |  4- 6 |  7- 9 | 10-12 | 13-15 || total
-------------------------+-------+-------+-------+-------+-------++-------
Melee: Short sword       |   127 |    42 |    18 |       |       ||   187
       Dagger            |       |   115 |   451 |  1261 |   560 ||  2387
       Quick blade       |       |       |       |    54 |       ||    54
Throw: Tomahawk          |       |       |       |     4 |       ||     4
       Javelin           |       |       |       |     2 |     1 ||     3
 Cast: Call Imp          |       |       |    10 |     8 |     4 ||    22
       Call Canine Famil |       |       |       |     7 |     4 ||    11
       Mephitic Cloud    |       |       |       |     5 |     8 ||    13
       Conjure Flame     |       |       |       |     2 |     2 ||     4
       Summon Lightning  |       |       |       |     1 |     1 ||     2
       Blink             |       |       |       |       |     3 ||     3
 Abil: Evoke Invisibilit |       |       |       |       |     2 ||     2
Evoke: Wand              |       |     3 |    12 |    24 |    17 ||    56
       Box of beasts     |       |       |       |       |     2 ||     2
  Use: Scroll            |     3 |     2 |     6 |    18 |     6 ||    35
 Stab: Paralysed         |     2 |     1 |     2 |     3 |     4 ||    12
       Sleeping          |     1 |       |       |       |     1 ||     2
       Confused          |       |       |     1 |     7 |     3 ||    11
       Petrifying        |       |       |     1 |       |       ||     1
       Distracted        |       |       |       |     2 |     4 ||     6
       Invisible         |       |       |       |       |     8 ||     8
       Fleeing           |       |       |       |       |     1 ||     1
Armor: Leather armour    |    39 |    13 |       |       |       ||    52
       Scale mail        |       |    17 |   139 |   225 |       ||   381
       Ring mail         |       |       |       |    75 |       ||    75
       Fire dragon scale |       |       |       |    59 |   146 ||   205
Dodge: Dodged            |    65 |    44 |   151 |   399 |   246 ||   905
Block: Buckler           |       |       |       |   178 |    75 ||   253

Table legend:
 A = Spawn XP
 B = Non-spawn XP
 C = Spawn XP percentage of total XP
 D = Spawn monster count
 E = Non-spawn monster count
 F = Spawn count percentage of total count
 G = Total turns spent on level
                    A         B        C        D         E        F      G
               +---------+---------+-------+---------+---------+-------+---------
         Total |       0 |   66559 |   0.0 |       0 |     520 |   0.0 | 22790
               +---------+---------+-------+---------+---------+-------+---------
           D:1 |       0 |      46 |   0.0 |       0 |      27 |   0.0 |   768
           D:2 |       0 |      96 |   0.0 |       0 |      22 |   0.0 |  1316
           D:3 |       0 |     484 |   0.0 |       0 |      35 |   0.0 |  1966
           D:4 |       0 |     810 |   0.0 |       0 |      20 |   0.0 |  1091
           D:5 |       0 |    1223 |   0.0 |       0 |      24 |   0.0 |  1383
           D:6 |       0 |    1501 |   0.0 |       0 |      51 |   0.0 |  1516
           D:7 |       0 |     427 |   0.0 |       0 |      12 |   0.0 |   926
           D:8 |       0 |    1117 |   0.0 |       0 |       7 |   0.0 |  1085
           D:9 |       0 |    3119 |   0.0 |       0 |      40 |   0.0 |  1955
          D:10 |       0 |    5492 |   0.0 |       0 |      44 |   0.0 |  1461
          D:11 |       0 |    2844 |   0.0 |       0 |      21 |   0.0 |   883
          D:12 |       0 |    3787 |   0.0 |       0 |      22 |   0.0 |  1151
          D:13 |       0 |    1138 |   0.0 |       0 |       3 |   0.0 |   175
        Lair:1 |       0 |    5492 |   0.0 |       0 |      26 |   0.0 |  1482
        Lair:2 |       0 |    1678 |   0.0 |       0 |      20 |   0.0 |   940
        Lair:3 |       0 |    5549 |   0.0 |       0 |      26 |   0.0 |  1208
        Lair:4 |       0 |    1000 |   0.0 |       0 |       6 |   0.0 |   224
        Lair:5 |       0 |    9363 |   0.0 |       0 |      33 |   0.0 |  1025
        Lair:6 |       0 |   17065 |   0.0 |       0 |      65 |   0.0 |  1242
         Orc:1 |       0 |    1526 |   0.0 |       0 |       6 |   0.0 |    67
       Abyss:3 |       0 |     587 |   0.0 |       0 |       1 |   0.0 |   167
         IceCv |       0 |    2215 |   0.0 |       0 |       9 |   0.0 |   759
               +---------+---------+-------+---------+---------+-------+---------
